Map: Blueshift LE

Players

Woogie

  • Race: Zerg Zerg
  • League: Diamond
  • Spawn Location: 7:00

Terran - Winner!

  • Race: Protoss Protoss
  • League: Diamond
  • Spawn Location: 1:00

VOD

Have the link to the VOD?

Description

Getting killed by Protoss timings.

Time

  • Played on: Sept. 20, 2018, 9:57 a.m.
  • Length: 8:36
Show
View Real Time Build Order
Export as new Build Order

Woogie Zerg 

Build Orders: Hatch First 

Get SALT Encoding   

  12  0:01  Drone  
  13  0:13  Overlord  
  13  0:17  Drone  
  14  0:31  Drone x2  
  14  0:35  Drone  
  17  0:52  Hatchery  
  17  0:57  Drone  
  17  1:10  Spawning Pool  
  17  1:11  Drone  
  17  1:16  Drone, Extractor  
  18  1:25  Drone  
  18  1:30  Drone  
  19  1:39  Overlord  
  19  1:57  Queen  
  19  1:58  Zergling x2  
  22  2:03  Drone  
  22  2:05  Queen  
  22  2:06  Drone  
  26  2:15  Drone  
  27  2:16  Drone  
  28  2:23  Metabolic Boost  
  28  2:25  Drone  
  28  2:28  Drone  
  30  2:37  Overlord  
  30  2:45  Hatchery  
  30  2:50  Queen  
  31  2:56  Queen  
  31  2:58  Drone  
  34  2:59  Drone  
  34  3:04  Drone x2  
  37  3:05  Drone  
  38  3:13  Zergling x2  
  38  3:14  Zergling x6  
  42  3:28  Overlord x2  
  42  3:40  Evolution Chamber  
  41  3:43  Roach Warren  
  40  4:01  Drone x2  
  40  4:02  Drone x5  
  47  4:04  Extractor  
  47  4:06  Extractor  
  45  4:24  Drone  
  45  4:25  Drone x4  
  45  4:28  Zerg Missile Weapons Level 1  
  50  4:41  Queen  
  52  4:46  Lair  
  52  4:48  Overlord  
  52  4:59  Drone x4  
  57  5:00  Drone x4, Overlord  
  57  5:01  Overlord  
  57  5:02  Drone x2  
  62  5:10  Zergling x2  
  62  5:11  Zergling x10  
  68  5:17  Queen  
  70  5:33  Zergling x6  
  70  5:34  Zergling x6  
  76  5:39  Hatchery  
  75  5:43  Queen  
  75  5:44  Queen  
  75  5:45  Overlord x3  
  79  5:53  Hydralisk Den  
  79  5:55  Zergling x8  
  72  6:17  Zergling x20  
  71  6:26  Hydralisk x10  
  87  6:50  Queen x2  
  87  6:52  Queen  
  87  6:53  Hydralisk x3  
  93  6:56  Grooved Spines  
  81  7:09  Zergling x2  
  81  7:10  Zergling x12  
  49  7:37  Hydralisk  
  49  7:38  Hydralisk x4  
  49  7:40  Zergling x2  
  49  7:41  Zergling x6  
  57  7:59  Hydralisk x3  
  57  8:05  Zergling x2  
  58  8:06  Zergling x8  
Show
View Real Time Build Order
Export as new Build Order

Terran Protoss - Winner!

Build Orders: 1 Gate Expand 

Get SALT Encoding   

  12  0:00  Probe  
  13  0:12  Probe  
  14  0:19  Pylon  
  14  0:24  Probe  
  15  0:38  Gateway  
  15  0:39  Probe  
  15  0:47  Probe  
  16  0:53  Assimilator  
  17  0:57  Probe  
  18  1:09  Probe  
  19  1:26  Cybernetics Core  
  19  1:33  Nexus  
  19  1:36  Probe  
  20  1:48  Probe  
  20  1:50  Pylon  
  21  1:58  Gateway  
  21  2:00  Adept, Probe  
  24  2:11  Assimilator  
  24  2:18  Probe  
  25  2:24  Pylon  
  25  2:31  Stalker, Warp Gate  
  25  2:35  Probe  
  28  2:45  Probe  
  28  2:49  Probe  
  30  2:57  Probe  
  31  3:02  Probe  
  32  3:10  Robotics Facility, Probe  
  32  3:12  Forge  
  33  3:25  Protoss Ground Weapons Level 1, Probe x2  
  35  3:31  Gateway  
  35  3:38  Gateway  
  35  3:42  Gateway  
  35  3:49  Immortal  
  35  3:56  Gateway  
  39  4:20  Immortal  
  43  4:34  Stalker x2  
  47  4:40  Stalker x3  
  47  4:44  Pylon  
  53  4:47  Pylon  
  53  4:53  Pylon  
  53  4:55  Warp Prism  
  55  5:08  Sentry  
  57  5:14  Adept  
  57  5:15  Adept  
  57  5:16  Zealot  
  57  5:19  Zealot  
  65  5:24  Sentry  
  67  5:32  Pylon  
  67  5:33  Zealot  
  69  5:44  Zealot x2  
  69  5:45  Pylon  
  73  5:52  Pylon  
  73  5:53  Pylon  
  73  6:01  Sentry x2  
  73  6:02  Zealot  
  75  6:18  Zealot x3  
  79  6:26  Stalker x2  
  79  6:28  Zealot  
  83  6:48  Zealot x3  
  89  6:59  Zealot x3  
  95  7:09  Pylon  
  95  7:10  Pylon  
  95  7:11  Sentry x2  
  95  7:12  Zealot  
  95  7:26  Stalker x3  
  77  7:37  Stalker  
  77  7:38  Zealot  
  77  8:05  Stalker x2  
  77  8:07  Zealot x4  
  83  8:30  Stalker x2  
  83  8:31  Zealot, Stalker x2  
Tags
 
Add a new tag
Caveats
  • Supply blocks, unpowered buildings, or Contaminate may cause inaccurate times.
  • Supply counts are checked every 10 seconds.